 Dungeon Crawl Stone Soup version 0.29-a0-82-g837932c90e (webtiles) character file.

Game seed: 11141313636190395789

7822 funkygono the Arsonist (level 11, 0/56 HPs)
             Began as a Gargoyle Fire Elementalist on Feb 2, 2022.
             Was a Follower of Vehumet.
             Slain by a tengu warrior (18 damage)
             ... on level 8 of the Dungeon on Feb 4, 2022.
             The game lasted 00:31:39 (13662 turns).

funkygono the Arsonist (GrFE)                      Turns: 13662, Time: 00:31:39

Health: 0/56       AC: 20    Str: 13    XL:     11   Next: 21%
Magic:  17/25      EV: 12    Int: 19    God:    Vehumet [*.....]
Gold:   141        SH:  0    Dex: 10    Spells: 19/30 levels left

rFire   . . .      SeeInvis .   e - +2 whip
rCold   . . .      Faith    .   (no shield)
rNeg    + . .      Spirit   .   K - +3 leather armour
rPois   ∞          Reflect  .   (no helmet)
rElec   +          Harm     .   E - +1 cloak {Stlth+}
rCorr   +          Rampage  .   (no gloves)
Will    .....                   (no boots)
Stlth   +++.......              n - amulet of regeneration
HPRegen 0.98/turn               A - ring of resist corrosion
MPRegen 0.19/turn               L - +4 ring of protection

@: studying Armour
A: sickness immunity, AC +8, negative energy resistance 1, electricity
resistance, torment resistance 1, petrification resistance
a: Renounce Religion


You were on level 8 of the Dungeon.
You worshipped Vehumet.
Vehumet was aware of your devotion.
You visited 2 branches of the dungeon, and saw 9 of its levels.
You also visited: Sewer and Ossuary.

You collected 573 gold pieces.
You spent 432 gold pieces at shops.

Inventory:

Hand Weapons
 e - a +2 whip (weapon)
 F - a +1 flail of venom
Armour
 q - a +2 cloak
 r - a +1 leather armour of fire resistance
 E - a +1 cloak of stealth (worn)
 H - a scarf of repulsion
 K - a +3 leather armour (worn)
Magical Staves
 w - a staff of fire
Jewellery
 h - a +6 ring of dexterity
 n - an amulet of regeneration (around neck)
 x - a ring of ice
 z - a ring of see invisible
 A - a ring of resist corrosion (left hand)
 L - a +4 ring of protection (right hand)
Wands
 g - a wand of iceblast (9)
 l - a wand of flame (18) (quivered)
 m - a wand of acid (18)
 t - a wand of digging (8)
Scrolls
 a - a scroll of immolation {unknown}
 c - 4 scrolls of identify
 d - 5 scrolls of teleportation
 p - 2 scrolls of fear
 y - 4 scrolls of fog
 C - a scroll of blinking
Potions
 b - a potion of magic
 f - a potion of resistance
 i - 4 potions of curing
 j - 3 potions of haste
 k - 6 potions of heal wounds
 o - 2 potions of brilliance
 s - a potion of invisibility
 u - a potion of might
 v - 2 potions of mutation
 B - 3 potions of cancellation
 D - a potion of experience {unknown}
 G - 2 potions of attraction


   Skills:
 + Level 1.1 Fighting
 + Level 0.5 Maces & Flails
 + Level 3.8 Armour
 + Level 2.8 Dodging
 - Level 2.1 Stealth
 * Level 10.4 Spellcasting
 * Level 7.2 Conjurations
 * Level 10.7 Fire Magic


You had 19 spell levels left.
You knew the following spells:

 Your Spells              Type           Power      Damage    Failure   Level
a - Foxfire               Conj/Fire      100%       2x1d9     1%          1
b - Scorch                Fire           100%       2d10      1%          2
c - Conjure Flame         Conj/Fire      44%        6-21      1%          3
d - Flame Wave            Conj/Fire      44%        2d10      2%          4
e - Sting                 Tmut/Pois      40%        1d5       9%          1

Your spell library contained the following spells:

 Spells                   Type           Power      Damage    Failure   Level
 Freeze                   Ice            36%        1d6       9%          1
 Inner Flame              Hex/Fire       30%        N/A       3%          3
 Apportation              Tloc           18%        N/A       9%          1
 Slow                     Hex            36%        N/A       9%          1
 Ensorcelled Hibernation  Hex/Ice        18%        N/A       13%         2
 Passwall                 Tmut/Erth      7%         N/A       13%         2
 Confusing Touch          Hex            9%         N/A       26%         3
 Swiftness                Air            9%         N/A       26%         3
 Tukima's Dance           Hex            9%         N/A       26%         3
 Vampiric Draining        Necr           9%         2d6       26%         3
 Passage of Golubria      Tloc           9%         N/A       65%         4
 Petrify                  Tmut/Erth      9%         N/A       65%         4
 Alistair's Intoxication  Tmut/Pois      6%         N/A       94%         5
 Metabolic Englaciation   Hex/Ice        4%         N/A       94%         5
 Yara's Violent Unravell  Hex/Tmut       4%         3d4       94%         5
 Malign Gateway           Summ/Tloc      4%         N/A       100%        7
 Summon Horrible Things   Summ           4%         N/A       100%        8
 Statue Form              Tmut/Erth      Unusable   N/A       N/A         6

Dungeon Overview and Level Annotations

Branches:
Dungeon (8/15)             Temple (1/1) D:7           Sewer (visited)
Ossuary (visited)
   Lair: D:8-11

Altars:
Ashenzari
Cheibriados
Dithmenos
Elyvilon
Fedhas
Gozag
Hepliaklqana
Kikubaaqudgha
Nemelex Xobeh
Okawaru
Qazlal
Sif Muna
Trog
Uskayaw
Vehumet
Wu Jian
Xom
Yredelemnul
Zin

Shops:
D:1 =   D:2 *   D:7 :


Innate Abilities, Weirdness & Mutations

You are immune to sickness and miasma.
Your stone body is resilient. (AC +8)
You are immune to poison.
You resist negative energy. (rN+)
You are resistant to electric shocks. (rElec)
You are resistant to unholy torment.
You are immune to petrification.


Message History

The tengu warrior pecks you but does no damage.
The tengu warrior claws you but does no damage.
Casting: Foxfire (safe; 1% risk of failure)
Confirm with . or Enter, or press ? or * to list all spells.
Flames lash the tengu warrior.
The tengu warrior is burned terribly!
The tengu warrior is moderately wounded.
The foxfire hits the tengu warrior.
The tengu warrior is moderately wounded.
The tengu warrior hits you with a +0 great sword!
The tengu warrior pecks you but does no damage.
The tengu warrior barely misses you.
Your foxfire dissipates!
The tengu warrior hits you with a +0 great sword.
The tengu warrior pecks you.
The tengu warrior claws you but does no damage.
Casting: Scorch (safe; 1% risk of failure)
Confirm with . or Enter, or press ? or * to list all spells.
You conjure some foxfire!
The tengu warrior closely misses you.
The tengu warrior pecks you but does no damage.
The tengu warrior claws you but does no damage.
Casting: Foxfire (safe; 1% risk of failure)
Confirm with . or Enter, or press ? or * to list all spells.
Flames lash the tengu warrior.
The tengu warrior is burned terribly!
The tengu warrior is severely wounded.
The foxfire hits the tengu warrior!
The tengu warrior is burned terribly!
The tengu warrior is severely wounded.
The tengu warrior hits you with a +0 great sword.
The tengu warrior pecks you but does no damage.
The tengu warrior claws you but does no damage.
The foxfire hits the tengu warrior.
The tengu warrior is burned terribly!
The tengu warrior is severely wounded.
The tengu warrior hits you with a +0 great sword!
The tengu warrior pecks you.
The tengu warrior claws you but does no damage.
Casting: Scorch (safe; 1% risk of failure)
Confirm with . or Enter, or press ? or * to list all spells.
Flames lash the tengu warrior.
The tengu warrior is burned terribly!
The tengu warrior is almost dead.
The tengu warrior hits you with a +0 great sword!!
You die...

.#........# #..######## #
.#........#### ##.........## #
.#...........###..#######..## #
..##.#######..#..##.##..##..#####
#.##.# #....)...##...##..##......
#..#.# #.########..⌠..##..#######
##.#.# #.#.##..#.......##..#..#..
.#.#.# #.##.#..#[#####).##.#.....
.#...# #.###.##Q@#...†...#..#...#
.##..###.#..#.##.##..#####.#.....
.##......#.[##[#§.##.....[.#..#..
.##..##..###.####..##..⌠..####.##
.....#..###.## ##..##...###.....
.......###.#§######..##.###....#.
#.....## #.#§##Y# ########..#..##
#)....# #.#§#§#.# #..##..##
#.....# #.#§#Y#.# #.###)#[.


You could see a tengu warrior (combustible).

Vanquished Creatures
  A catoblepas (D:8)
  A centaur warrior (D:8)
  3 two-headed ogres (D:8)
  An ugly thing (D:8)
  A kobold demonologist (D:8)
  A wyvern (D:7)
  A yak (D:8)
  5 water moccasins
  A sky beast (D:8)
  A black bear (D:5)
  A necrophage (D:6)
  2 orc warriors
  8 centaurs
  2 ogres
  A kobold brigand (D:7)
  An elf zombie (Ossuary)
  A wyvern zombie (D:7)
  2 gnoll sergeants
  4 scorpions
  A water moccasin skeleton (D:5)
  3 killer bees (D:7)
  2 wights (D:8)
  4 howler monkeys
  A bullfrog zombie (D:5)
  A jelly (D:5)
  6 hounds
  2 orc priests
  Crazy Yiuf (D:5)
  An iguana (D:6)
  Ijyb (D:4)
  5 orc wizards
  A scorpion zombie (D:5)
  2 killer bee zombies
  A hound zombie (D:5)
  2 hound skeletons
  3 mummies
  20 gnolls
  8 adders
  5 white imps
  2 ufetubi
  An adder zombie (Ossuary)
  2 dart slugs
  47 orcs
  10 ball pythons
  8 endoplasms
  7 giant cockroaches
  14 goblins
  5 hobgoblins
  26 jackals
  15 kobolds
  5 quokkas
  3 bats (D:1)
  A frilled lizard (shapeshifter) (D:8)
  12 frilled lizards
  4 goblin zombies
  11 hobgoblin zombies (Ossuary)
  A jackal skeleton (D:4)
  3 jackal zombies (Ossuary)
  8 kobold zombies (Ossuary)
  10 orc zombies (Ossuary)
  5 rats
  A rat zombie (Ossuary)
309 creatures vanquished.

Vanquished Creatures (collateral kills)
  6 foxfires (D:3)
6 creatures vanquished.

Vanquished Creatures (others)
  976 foxfires
  6 plants
982 creatures vanquished.

Grand Total: 1297 creatures vanquished

Notes
Turn   | Place    | Note
-------+----------+-------------------------------------------
     0 | D:1      | funkygono the Gargoyle Fire Elementalist began the quest
                  | for the Orb.
     0 | D:1      | Reached XP level 1. HP: 10/10 MP: 3/3
   198 | D:1      | Reached XP level 2. HP: 15/15 MP: 1/5
   201 | D:1      | Learned a level 2 spell: Scorch
   243 | D:1      | Found Godan's Jewellery Emporium.
   311 | D:1      | Found a faded altar of an unknown god.
   659 | D:1      | Reached XP level 3. HP: 19/19 MP: 2/6
  1362 | D:2      | Found Xanlug's Assorted Antiques.
  1466 | D:2      | Reached XP level 4. HP: 24/24 MP: 4/7
  1470 | D:2      | Learned a level 3 spell: Conjure Flame
  2735 | D:3      | Reached XP level 5. HP: 28/28 MP: 1/9
  3476 | D:3      | Reached XP level 6. HP: 32/32 MP: 2/11
  3966 | D:3      | Reached skill level 5 in Fire Magic
  3966 | D:3      | Reached XP level 7. HP: 36/36 MP: 0/13
  4067 | D:3      | Learned a level 4 spell: Flame Wave
  4857 | D:4      | Noticed Ijyb
  4863 | D:4      | Killed Ijyb
  5857 | D:4      | Reached skill level 1 in Armour
  5963 | D:4      | Reached skill level 5 in Spellcasting
  6032 | D:5      | Entered Level 5 of the Dungeon
  6262 | D:5      | Reached XP level 8. HP: 41/41 MP: 8/16
  6359 | D:5      | Found a shimmering blue altar of Sif Muna.
  6456 | D:5      | Got Sif Muna's Collected Works on Nocuous Combat Magic
  6505 | D:5      | Found a glowing drain.
  6591 | Sewer    | Entered a sewer
  6659 | Sewer    | Reached skill level 5 in Conjurations
  7045 | D:5      | Reached XP level 9. HP: 46/46 MP: 10/19
  7047 | D:5      | Upgraded the game from 0.29-a0-43-g62a80824bf to
                  | 0.29-a0-72-g1732ff48e7
  7377 | D:5      | Found a runed translucent door.
  7378 | D:5      | Noticed Crazy Yiuf
  7383 | D:5      | Killed Crazy Yiuf
  7473 | D:5      | Found a bloodstained altar of Trog.
  8406 | D:6      | Found a hide-covered altar of Uskayaw.
  9321 | D:7      | Reached skill level 1 in Fighting
  9402 | D:7      | Found a staircase to the Ecumenical Temple.
  9430 | D:7      | Found a sand-covered staircase.
  9443 | Ossuary  | Entered an ossuary
 10218 | D:7      | Reached XP level 10. HP: 52/52 MP: 14/22
 10687 | D:7      | Found Setaxif's Book Emporium.
 10903 | Temple   | Entered the Ecumenical Temple
 10917 | Temple   | Became a worshipper of Vehumet
 11060 | D:7      | Learned a level 1 spell: Sting
 11200 | D:1      | Bought a +4 ring of protection for 432 gold pieces
 11833 | D:8      | Noticed a two-headed ogre
 11878 | D:8      | Killed a two-headed ogre
 12269 | D:8      | Noticed a centaur warrior
 12279 | D:8      | Killed a centaur warrior
 12352 | D:8      | Noticed a two-headed ogre
 12359 | D:8      | Killed a two-headed ogre
 12359 | D:8      | Noticed a two-headed ogre
 12539 | D:8      | Killed a two-headed ogre
 12540 | D:8      | Reached skill level 10 in Fire Magic
 12772 | D:8      | Reached * piety under Vehumet
 12772 | D:8      | Offered knowledge of Freeze by Vehumet.
 12773 | D:8      | Reached XP level 11. HP: 56/56 MP: 10/24
 12879 | D:8      | Noticed a sixfirhy
 12884 | D:8      | Reached skill level 10 in Spellcasting
 12895 | D:8      | Noticed a cyan ugly thing
 12940 | D:8      | Killed a cyan ugly thing
 13163 | D:8      | Noticed a catoblepas
 13262 | D:8      | Upgraded the game from 0.29-a0-72-g1732ff48e7 to
                  | 0.29-a0-82-g837932c90e
 13497 | D:8      | Killed a catoblepas
 13651 | D:8      | Noticed a tengu warrior
 13662 | D:8      | Slain by a tengu warrior

Illustrated notes

Levels and vault maps discovered:
D:1:      dpeg_arrival_connections, layout_rooms, ebering_ecumenical_altar_rust,
          serial_shops, nicolae_shop_trees, minmay_misc_feat_secret_circle
D:2:      layout_basic, serial_shops, nicolae_shop_overgrown_old_shop
D:3:      lemuel_castle_with_subvaults [lemuel_castle_interior_carwin_1],
          layout_loops_corners, minmay_strange_pillars
D:4:      minmay_door_path, layout_loops_cross, uniq_ijyb
D:5:      minmay_thinvault, layout_loops_cross,
          nzn_overflow_gifts_of_might_and_magic, gup_sewer_entry_glass,
          grunt_ministairs_2, roderic_malta_cross, minmay_manual_mares,
          uniq_crazy_yiuf_cottage
D:6:      nicolae_cairo_tiling_large, layout_basic,
          mainiacjoe_overflow_alcove_4, minmay_lizard_king
D:7:      layout_loops_ring, minmay_temple_entry_ruins,
          nicolae_ossuary_entry_giza, serial_shops,
          nicolae_shop_window_shopping, wad_floor_pattern_untrapped,
          water_maze_lemuel
D:8:      minmay_the_grid_octo_tiled_squarecenter
          [minmay_the_grid_octo_pinwheel, minmay_the_grid_octo_77,
          minmay_the_grid_octo_toaster, minmay_the_grid_octo_odd_swirl,
          minmay_the_grid_square_5x5_megaprize_crossed,
          minmay_the_grid_square_5x5_percent, minmay_the_grid_square_5x5_fat_x,
          minmay_the_grid_square_5x5_comb,
          minmay_the_grid_square_5x5_three_walls], layout_basic, enter_bailey_3
Temple:   nicolae_temple_elliptical

Skill      XL: |  1  2  3  4  5  6  7  8  9 10 11 |
---------------+----------------------------------+-----
Conjurations   | 2 3 4 5 6 7 |  7.2
Fire Magic     | 4 5 6 7 8 10 | 10.7
Spellcasting   | 3 4 5 6 8 9 10 | 10.4
Armour         | 1 3 |  3.8
Dodging        | 2 |  2.8
Fighting       | 1 |  1.1
Maces & Flails | |  0.5
Stealth        | |  2.1

Action                   |  1- 3 |  4- 6 |  7- 9 | 10-12 || total
-------------------------+-------+-------+-------+-------++-------
Melee: Unarmed           |     7 |       |       |       ||     7
       Club              |     4 |       |       |       ||     4
       Whip              |     1 |     2 |    57 |     9 ||    69
       Staff             |       |       |     1 |       ||     1
 Cast: Foxfire           |    65 |   105 |   319 |    94 ||   583
       Scorch            |     4 |     6 |    80 |    82 ||   172
       Flame Wave        |       |       |     3 |     2 ||     5
       Sting             |       |       |       |     1 ||     1
  Use: Scroll            |       |       |    22 |     4 ||    26
       Potion            |       |       |       |     4 ||     4
Armor: Robe              |     8 |       |       |       ||     8
       Leather armour    |       |     3 |    82 |    54 ||   139
Dodge: Dodged            |    24 |     5 |    80 |    71 ||   180

Table legend: (Time is in decaauts)
 A = Elapsed time spent in this place.
 B = Non-inter-level travel time spent in this place.
 C = Inter-level travel time spent in this place.
 D = Time resting spent in this place.
 E = Time spent auto-exploring this place.
 F = Levels seen in this place.
 G = Mean time per level.
                   A        B        C        D        E       F      G
               +--------+--------+--------+--------+--------+-----+--------+
         Total |  13687 |  13196 |    491 |   1330 |   8597 |  11 | 1244.3 |
       Dungeon |  12579 |  12115 |    464 |   1199 |   8075 |   8 | 1572.4 |
        Temple |    153 |    127 |     26 |      0 |    108 |   1 |  153.0 |
         Sewer |    194 |    194 |      0 |      0 |    153 |   1 |  194.0 |
       Ossuary |    758 |    758 |      0 |    131 |    260 |   1 |  758.0 |
               +--------+--------+--------+--------+--------+-----+--------+

Top non-repeatable levels by time:
     D:3: 2414 daAuts
     D:8: 2282 daAuts
     D:5: 1898 daAuts
     D:2: 1324 daAuts
     D:4: 1244 daAuts
     D:1: 1210 daAuts
     D:7: 1115 daAuts
     D:6: 1089 daAuts
 Ossuary: 758 daAuts
   Sewer: 194 daAuts
  Temple: 153 daAuts
